 Dungeon Crawl Stone Soup version 0.24.0-35-gdb84b6a5db (webtiles) character file.

Game seed: 10194554382219449217, levelgen mode: deterministic

732 grindst0ne the Slicer (level 8, -10/53 HPs)
             Began as a Kobold Berserker on Nov 17, 2019.
             Was a Priest of Trog.
             Mangled by a two-headed ogre
             ... wielding a +0 giant club
              (20 damage)
             ... on level 4 of the Dungeon.
             The game lasted 00:08:17 (3837 turns).

grindst0ne the Slicer (Kobold Berserker)            Turns: 3837, Time: 00:08:17

Health: -10/53     AC:  7    Str: 17    XL:     8   Next: 3%
Magic:  8/8        EV: 12    Int:  8    God:    Trog [***...]
Gold:   189        SH:  0    Dex: 14    Spells: 7/7 levels left

rFire    . . .     SeeInvis .   k - +1 dagger (venom)
rCold    . . .     Gourm    .   (shield restricted)
rNeg     . . .     Faith    .   h - +0 scale mail
rPois    .         Spirit   .   (no helmet)
rElec    .         Reflect  .   b - +0 cloak
rCorr    .         Harm     .   (no gloves)
MR       .....                  (no boots)
Stlth    ..........             (no amulet)
HPRegen  0.17/turn              (no ring)
MPRegen  0.11/turn              (no ring)

@: no status effects
A: small, carnivore
a: Berserk, Trog's Hand, Renounce Religion


You were on level 4 of the Dungeon.
You worshipped Trog.
Trog was most pleased with you.
You were completely stuffed.

You visited 1 branch of the dungeon, and saw 4 of its levels.

You collected 189 gold pieces.

Inventory:

Hand Weapons
 k - a +1 dagger of venom (weapon)
 t - a +5 rapier of protection
Armour
 b - a +0 cloak (worn)
 h - a +0 scale mail (worn)
 p - a +0 chain mail
Wands
 q - a wand of digging (2)
Scrolls
 d - 2 scrolls of teleportation {unknown}
 g - 4 scrolls of amnesia
 m - a scroll of fog {unknown}
 n - 2 scrolls of enchant weapon
 o - a scroll of blinking {unknown}
 r - a scroll of enchant armour {unknown}
 s - a scroll of remove curse {unknown}
Potions
 a - a potion of heal wounds
 e - a potion of cancellation
 f - 2 potions of haste
 j - a potion of might
 l - 2 potions of curing
Comestibles
 c - a ration


   Skills:
 + Level 7.2 Fighting
 + Level 8.7 Short Blades
 - Level 1.5 Armour
 - Level 2.4 Dodging


You had 7 spell levels left.
You didn't know any spells.
Your spell library was empty.

Dungeon Overview and Level Annotations

Branches:
Dungeon (4/15)
 Temple: D:4-7

Altars:
Fedhas
Sif Muna
Uskayaw


Innate Abilities, Weirdness & Mutations

You are small and have problems with some larger weapons.
You are carnivorous and can eat meat at any time.


Message History

The two-headed ogre hits you with a +0 giant spiked club.
You barely miss the two-headed ogre.
The two-headed ogre is lightly wounded.
You hit the two-headed ogre.
The two-headed ogre is lightly wounded.
The two-headed ogre hits you with a +0 giant club.
The two-headed ogre hits you with a +0 giant spiked club!!
You feel much better.
The two-headed ogre hits you with a +0 giant club!
The two-headed ogre completely misses you.
Your +5 rapier of protection goes still.
Your +1 dagger of venom begins to drip with poison!
k - a +1 dagger of venom (weapon)
You hit the two-headed ogre but do no damage.
You hit the two-headed ogre but do no damage.
The two-headed ogre is poisoned.
The two-headed ogre hits you with a +0 giant club!!
* * * LOW HITPOINT WARNING * * *
The two-headed ogre hits you with a +0 giant spiked club!!
You die...

#...# ##....#
.#.# #.....# #
#.#...# #+#
#.##### #.# #.# #
##.########.#
#.###........##.#
..........##.##.#
#.....O@.....#
##...####.####
#..## #.#
#..#####.#
#........#
##.####### #.#
#.########
#..........#


You could see a two-headed ogre.

Vanquished Creatures
  Grinder (D:3)
  Duvessa (D:4)
  Purgy (D:3)
  Dowan (D:4)
  An orc priest (D:3)
  Natasha (thrice) (D:2)
  A hound skeleton (D:4)
  Robin (D:3)
  8 adders
  An ooze (D:2)
  An adder skeleton (D:4)
  A worm (D:2)
  2 dart slugs
  A leopard gecko (D:2)
  6 orcs (D:3)
  A giant cockroach (D:2)
  12 goblins
  13 hobgoblins
  2 quokkas (D:4)
  10 bats
  5 frilled lizards
  5 kobolds
  9 rats
87 creatures vanquished.

Notes
Turn   | Place    | Note
-------+----------+-------------------------------------------
     0 | D:1      | grindst0ne the Kobold Berserker began the quest for the
                  | Orb.
     0 | D:1      | Reached XP level 1. HP: 14/14 MP: 1/1
   270 | D:1      | Reached XP level 2. HP: 11/19 MP: 2/2
  1052 | D:2      | Reached XP level 3. HP: 24/24 MP: 3/3
  1140 | D:2      | Reached skill level 5 in Short Blades
  1160 | D:2      | Reached ** piety under Trog
  1190 | D:2      | Reached XP level 4. HP: 27/30 MP: 4/4
  1484 | D:2      | Found a hide-covered altar of Uskayaw.
  1486 | D:2      | Found a shimmering blue altar of Sif Muna.
  1621 | D:2      | Noticed Natasha
  1630 | D:2      | Killed Natasha
  2009 | D:2      | Reached XP level 5. HP: 31/34 MP: 5/5
  2208 | D:2      | Noticed Natasha
  2215 | D:2      | Killed Natasha
  2215 | D:2      | Reached skill level 6 in Short Blades
  2418 | D:3      | Noticed Grinder
  2440 | D:3      | Killed Grinder
  2440 | D:3      | Reached skill level 5 in Fighting
  2440 | D:3      | Reached skill level 7 in Short Blades
  2440 | D:3      | Reached XP level 6. HP: 37/41 MP: 6/6
  2552 | D:2      | Noticed Natasha
  2560 | D:2      | Killed Natasha
  2627 | D:3      | Reached XP level 7. HP: 41/46 MP: 7/7
  2663 | D:3      | Noticed Robin
  2682 | D:3      | Killed Robin
  2696 | D:3      | Reached *** piety under Trog
  3062 | D:3      | Found a blossoming altar of Fedhas.
  3304 | D:3      | Noticed Purgy
  3315 | D:3      | Killed Purgy
  3315 | D:3      | Reached skill level 8 in Short Blades
  3548 | D:4      | Noticed Duvessa
  3548 | D:4      | Noticed Dowan
  3607 | D:4      | Killed Dowan
  3608 | D:4      | Killed Duvessa
  3608 | D:4      | Reached XP level 8. HP: 36/53 MP: 8/8
  3806 | D:4      | Noticed a two-headed ogre
  3837 | D:4      | Mangled by a two-headed ogre

Levels and vault maps discovered:
D:1:      minmay_arrival_four_circles, layout_basic
D:2:      layout_basic, nicolae_overflow_hidden_temple,
          minmay_misc_feat_enclosed, uniq_natasha
D:3:      layout_rooms, old_standard_altar, nrook_mini_backslash, uniq_grinder,
          uniq_robin, uniq_purgy
D:4:      layout_loops_corners, kennysheep_mini_moat, lemuel_round_altar,
          first_ration, uniq_duvessa

Skill      XL: |  1  2  3  4  5  6  7 |
---------------+----------------------+-----
Fighting       | 4 5 6 7 |  7.2
Short Blades   | 5 7 8 |  8.7
Armour         | |  1.5
Dodging        | |  2.4

Action                   |  1- 3 |  4- 6 |  7- 9 || total
-------------------------+-------+-------+-------++-------
Melee: Short sword       |    73 |       |       ||    73
       Dagger            |    22 |   111 |   131 ||   264
       Rapier            |       |       |     7 ||     7
Invok: Berserk           |     1 |     1 |     4 ||     6
  Use: Scroll            |       |       |     7 ||     7
       Potion            |       |       |     1 ||     1
 Stab: Sleeping          |     1 |       |       ||     1
  Eat: Chunk             |    10 |     5 |     8 ||    23
Armor: Animal skin       |     6 |       |       ||     6
       Ring mail         |    18 |     1 |       ||    19
       Scale mail        |       |    25 |    35 ||    60
Dodge: Dodged            |    76 |    62 |    53 ||   191
